 Dungeon Crawl Stone Soup version 0.29.0-4-gdea44cf6ec (webtiles) character file.

Game seed: 7093610247953896652

184 qw the Chopper (level 5, -1/30 HPs)
             Began as a Tengu Warper on Aug 28, 2022.
             Slain by a sky beast (6 damage)
             ... on level 4 of the Dungeon.
             The game lasted 00:00:18 (3634 turns).

qw the Chopper (Tengu Warper)                       Turns: 3634, Time: 00:00:18

Health: -1/30      AC:  9    Str: 13    XL:     5   Next: 63%
Magic:  9/9        EV:  8    Int: 14    God:
Gold:   43         SH:  3    Dex: 13    Spells: 8/8 levels left

rFire   . . .      SeeInvis .   Y - +0 war axe
rCold   . . .      Faith    .   g - +0 buckler
rNeg    . . .      Spirit   .   b - +0 chain mail
rPois   .          Reflect  .   (helmet restricted)
rElec   .          Harm     .   a - +0 cloak
rCorr   .          Rampage  .   (no gloves)
Will    .....                   (boots unavailable)
Stlth   ..........              (no amulet)
HPRegen 0.10/turn               (no ring)
MPRegen 0.11/turn               (no ring)

@: flying quickly and evasively, quick
A: beak, talons 3, nimble flight, high MP 1, sturdy frame 1, noise suppression
a: no special abilities


You were on level 4 of the Dungeon.
You visited 1 branch of the dungeon, and saw 4 of its levels.

You collected 133 gold pieces.
You spent 90 gold pieces at shops.


Innate Abilities, Weirdness & Mutations

You have a beak for a mouth.
You have claws for feet.
Your magical nature lets you fly swiftly and evasively.
You have an increased reservoir of magic. (+10% MP)
Your movements are slightly less encumbered by armour. (ER -2)
You passively dampen the noise of your surroundings.


   Skills:
 - Level 2.0 Fighting
 - Level 6.1 Axes
 - Level 1.0 Throwing
 - Level 1.1 Armour
 - Level 2.1 Dodging
 + Level 0.9 Shields
 - Level 2.0 Spellcasting
 - Level 2.4 Translocations


You had 8 spell levels left.
You didn't know any spells.
Your spell library contained the following spells:

 Spells                   Type           Power      Damage    Failure   Level
 Blink                    Tloc           16%        N/A       95%         2
 Gell's Gravitas          Tloc           8%         N/A       99%         3
 Lesser Beckoning         Tloc           8%         N/A       99%         3
 Teleport Other           Tloc           8%         N/A       99%         3
 Manifold Assault         Tloc           8%         N/A       100%        5

Inventory:

Hand Weapons
 k - a +0 whip
 Y - a +0 war axe (weapon)
Missiles
 e - 3 boomerangs (quivered)
Armour
 a - a +0 cloak (worn)
 b - a +0 chain mail (worn)
 g - a +0 buckler (worn)
Scrolls
 c - 4 scrolls of identify
 m - a scroll of teleportation
Potions
 f - a potion of curing
 l - a potion of might

Dungeon Overview and Level Annotations

Branches:
Dungeon (4/15)
 Temple: D:4-7

Altars:

Shops:
D:3 [?


Message History

You hit the sky beast. You claw the sky beast.
The sky beast is moderately wounded.
The sky beast barely misses you.
You miss the sky beast.
You claw the sky beast, but do no damage.
You peck the sky beast, but do no damage.
The sky beast is moderately wounded.
The sky beast barely misses you. x2
You closely miss the sky beast. Your kick misses the sky beast.
Your peck misses the sky beast.
The sky beast is moderately wounded.
The sky beast closely misses you.
An orc comes into view. It is wielding a +0 halberd.
3625 ||| Stepping ~*~*~tactically~*~*~ (stealth).
You barely miss the sky beast.
The orc shouts!
You claw the sky beast.
The sky beast is heavily wounded.
You hear a shout!
The sky beast hits you but does no damage.
You hit the sky beast. Your peck misses the sky beast.
The sky beast is heavily wounded.
The sky beast hits you. The sky beast shocks you.
You hit the sky beast.
The sky beast is severely wounded.
The sky beast flickers out of sight!
Deactivating autopickup; reactivate with Ctrl-A.
Something hits you but does no damage.
You closely miss something. Your kick misses something.
Something hits you but does no damage. Something hits you.
Something shocks you.
3630 ||| FLEEEEING.
You miss something. Your kick misses something. Something hits you.
Something shocks you.
You barely miss something. Your peck misses something.
Something hits you but does no damage.
You barely miss something. Your kick misses something.
Something hits you but does no damage.
You miss something. Your kick misses something. Your peck misses something.
Something hits you but does no damage. Something hits you.
Something shocks you.
You die...

####.##.##......####
....<##.##.###.....#
###..............#.#
#......##.###.....#
##...#.# ......#.##
##.##.# ####.##.##
#.##.. ...#...#
#.##### #####..##
#+# #@## #.# #o# #n#
#.....o# +..#.....
g.#...#.


.on ##..#.# .. #..# # You could see a necrophage and 2 orcs.

Vanquished Creatures
  A necrophage (D:4)
  An orc priest (D:3)
  An adder (D:3)
  7 dart slugs
  14 orcs
  4 ball pythons
  2 endoplasms
  2 giant cockroaches
  3 hobgoblins (D:1)
  7 jackals
  2 kobolds
  A quokka (D:2)
  3 bats
  A frilled lizard (D:3)
  3 rats (D:3)
52 creatures vanquished.

Notes
Turn   | Place    | Note
-------+----------+-------------------------------------------
     0 | D:1      | qw the Tengu Warper began the quest for the Orb.
     0 | D:1      | Reached XP level 1. HP: 12/12 MP: 4/4
     0 | D:1      | 0 ||| qw: Version: 0.1-a-89-g26bdef1
     0 | D:1      | 0 ||| qw: Game counter: 1721
     0 | D:1      | 0 ||| qw: Always use a shield: true
     0 | D:1      | 0 ||| qw: God list: Okawaru
     0 | D:1      | 0 ||| qw: Allow faded altars: false
     0 | D:1      | 0 ||| qw: Do Orc after D:15 true
     0 | D:1      | 0 ||| qw: Do second Lair branch before Depths: true
     0 | D:1      | 0 ||| qw: Lair rune preference: random
     0 | D:1      | 0 ||| qw: Plans: Normal
     0 | D:1      | 0 ||| PLANNING D:1-11
   258 | D:1      | Reached skill level 3 in Axes
   258 | D:1      | Reached XP level 2. HP: 17/17 MP: 6/6
   470 | D:1      | 470 ||| Stepping ~*~*~tactically~*~*~ (hiding).
   572 | D:1      | 572 ||| Stepping ~*~*~tactically~*~*~ (hiding).
   674 | D:1      | 674 ||| Stepping ~*~*~tactically~*~*~ (hiding).
   776 | D:1      | 776 ||| Stepping ~*~*~tactically~*~*~ (hiding).
   945 | D:1      | 945 ||| UPGRADING to +0 ring mail.
   955 | D:1      | 955 ||| DROPPING +0 leather armour.
   956 | D:1      | 956 ||| READING scroll labelled BISUQASAGH.
   957 | D:1      | 957 ||| READING 2 scrolls labelled ZOBRYH WICW.
   958 | D:1      | 958 ||| READING scroll labelled HINEIVVAME.
   959 | D:1      | 959 ||| READING 3 scrolls labelled ZEUXEO BERAMY.
   960 | D:1      | 960 ||| READING scroll labelled LETZINN EGOU.
   963 | D:1      | 963 ||| DRINKING 2 purple potions.
   964 | D:1      | 964 ||| DROPPING scroll of blinking.
   965 | D:1      | 965 ||| DROPPING scroll of fog.
   966 | D:1      | 966 ||| DROPPING potion of attraction.
   967 | D:1      | 967 ||| DROPPING 2 scrolls of immolation.
   989 | D:2      | You fall into a shaft and drop 2 floors!
  1021 | D:4      | Noticed a necrophage
  1027 | D:4      | Killed a necrophage
  1028 | D:4      | Reached skill level 4 in Axes
  1028 | D:4      | Reached XP level 3. HP: 15/21 MP: 7/7
  1028 | D:4      | Reached XP level 4. HP: 18/26 MP: 8/8
  1165 | D:4      | 1165 ||| UPGRADING to +0 cloak.
  1172 | D:4      | 1172 ||| Stepping ~*~*~tactically~*~*~ (stealth).
  1211 | D:4      | 1211 ||| Stepping ~*~*~tactically~*~*~ (stealth).
  1212 | D:4      | 1212 ||| Stepping ~*~*~tactically~*~*~ (stealth).
  1218 | D:4      | Reached skill level 5 in Axes
  1243 | D:3      | 1243 ||| Stepping ~*~*~tactically~*~*~ (stealth).
  1245 | D:3      | Found Sabit's Antique Armour Boutique.
  1246 | D:3      | 1246 ||| Stepping ~*~*~tactically~*~*~ (hiding).
  1349 | D:3      | 1349 ||| Stepping ~*~*~tactically~*~*~ (stealth).
  1354 | D:3      | 1354 ||| Stepping ~*~*~tactically~*~*~ (stealth).
  1360 | D:3      | 1360 ||| Stepping ~*~*~tactically~*~*~ (stealth).
  1393 | D:3      | 1393 ||| Stepping ~*~*~tactically~*~*~ (stealth).
  1394 | D:3      | 1394 ||| Stepping ~*~*~tactically~*~*~ (stealth).
  1418 | D:3      | 1418 ||| SHOPLISTING embroidered cloak (195 gold, have 42).
  1436 | D:3      | 1436 ||| Stepping ~*~*~tactically~*~*~ (stealth).
  1460 | D:3      | Gained mutation: Your magical nature lets you fly swiftly
                  | and evasively. [Tengu growth]
  1460 | D:3      | Reached XP level 5. HP: 16/30 MP: 9/9
  1470 | D:3      | 1470 ||| Stepping ~*~*~tactically~*~*~ (stealth).
  1513 | D:3      | 1513 ||| Stepping ~*~*~tactically~*~*~ (stealth).
  1518 | D:3      | 1518 ||| FLEEEEING.
  1519 | D:3      | 1519 ||| FLEEEEING.
  1520 | D:3      | 1520 ||| FLEEEEING.
  1521 | D:3      | 1521 ||| FLEEEEING.
  1522 | D:3      | 1522 ||| FLEEEEING.
  1523 | D:3      | 1523 ||| FLEEEEING.
  1524 | D:3      | 1524 ||| FLEEEEING.
  1525 | D:3      | 1525 ||| FLEEEEING.
  1526 | D:3      | 1526 ||| STAIRDANCE
  1664 | D:2      | 1664 ||| SWAPPING to +0 war axe.
  1665 | D:2      | 1665 ||| DROPPING +0 hand axe.
  1688 | D:2      | 1688 ||| Stepping ~*~*~tactically~*~*~ (hiding).
  1691 | D:2      | 1691 ||| Stepping ~*~*~tactically~*~*~ (hiding).
  2026 | D:2      | Reached skill level 6 in Axes
  2047 | D:2      | 2047 ||| Stepping ~*~*~tactically~*~*~ (hiding).
  2048 | D:2      | 2048 ||| Stepping ~*~*~tactically~*~*~ (hiding).
  2568 | D:2      | 2568 ||| Stepping ~*~*~tactically~*~*~ (stealth).
  2644 | D:2      | 2644 ||| Stepping ~*~*~tactically~*~*~ (stealth).
  2645 | D:2      | 2645 ||| Stepping ~*~*~tactically~*~*~ (stealth).
  2646 | D:2      | 2646 ||| Stepping ~*~*~tactically~*~*~ (stealth).
  2751 | D:2      | 2751 ||| UPGRADING to +0 chain mail.
  2761 | D:2      | 2761 ||| UPGRADING to +0 buckler.
  2766 | D:2      | 2766 ||| DROPPING +0 ring mail.
  2767 | D:2      | 2767 ||| READING scroll labelled XEDEUCL ATTO.
  2768 | D:2      | 2768 ||| READING scroll labelled NALAMU UJOGAE.
  2769 | D:2      | 2769 ||| DRINKING 2 green potions.
  3035 | D:3      | 3035 ||| Stepping ~*~*~tactically~*~*~ (hiding).
  3180 | D:3      | Found Nemefeas's Magic Scroll Emporium.
  3188 | D:3      | 3188 ||| BUYING scroll of identify (20 gold).
  3188 | D:3      | Bought a scroll of identify for 20 gold pieces
  3188 | D:3      | 3188 ||| BUYING scroll of identify (20 gold).
  3188 | D:3      | Bought a scroll of identify for 20 gold pieces
  3188 | D:3      | 3188 ||| BUYING scroll of identify (20 gold).
  3188 | D:3      | Bought a scroll of identify for 20 gold pieces
  3188 | D:3      | 3188 ||| BUYING scroll of teleportation (30 gold).
  3188 | D:3      | Bought a scroll of teleportation for 30 gold pieces
  3384 | D:3      | 3384 ||| READING scroll labelled EDI XEICAERCH.
  3385 | D:3      | 3385 ||| DRINKING 2 fuming inky potions.
  3385 | D:3      | Gained mutation: Your movements are slightly less
                  | encumbered by armour. (ER -2) [potion of mutation]
  3385 | D:3      | Gained mutation: You occasionally lose the ability to drink
                  | potions when taking damage. [potion of mutation]
  3385 | D:3      | Gained mutation: Your movements are less encumbered by
                  | armour. (ER -4) [potion of mutation]
  3386 | D:3      | 3386 ||| DRINKING potion of mutation.
  3386 | D:3      | Lost mutation: Your movements are less encumbered by
                  | armour. (ER -4) [potion of mutation]
  3386 | D:3      | Lost mutation: You occasionally lose the ability to drink
                  | potions when taking damage. [potion of mutation]
  3386 | D:3      | Gained mutation: You have an increased reservoir of magic.
                  | (+10% MP) [potion of mutation]
  3386 | D:3      | Gained mutation: You passively dampen the noise of your
                  | surroundings. [potion of mutation]
  3387 | D:3      | 3387 ||| DRINKING 2 puce potions.
  3388 | D:3      | 3388 ||| READING 5 scrolls of identify.
  3388 | D:3      | 3388 ||| IDENTIFYING smoky orange potion
  3389 | D:3      | 3389 ||| READING 4 scrolls of identify.
  3389 | D:3      | 3389 ||| IDENTIFYING orange potion
  3390 | D:3      | 3390 ||| DROPPING potion of ambrosia.
  3391 | D:3      | 3391 ||| DROPPING potion of brilliance.
  3431 | D:4      | 3431 ||| Stepping ~*~*~tactically~*~*~ (hiding).
  3617 | D:4      | Noticed a sky beast
  3619 | D:4      | 3619 ||| Stepping ~*~*~tactically~*~*~ (stealth).
  3625 | D:4      | 3625 ||| Stepping ~*~*~tactically~*~*~ (stealth).
  3630 | D:4      | 3630 ||| FLEEEEING.
  3634 | D:4      | HP: 5/30 [something (4)]
  3634 | D:4      | Slain by a sky beast

Levels and vault maps discovered:
D:1:      lightli_arrival_boilingwater, layout_basic
D:2:      layout_loops_corners
D:3:      layout_rooms, serial_shops, shop,
          nicolae_shop_temple_entry_statues_fountains
D:4:      layout_loops_corners, nemelex_spade_bored_becter, minmay_manual_moon

Skill      XL: |  1  2  3  4  5 |
---------------+----------------+-----
Axes           | 3 4 5 6 |  6.1
Fighting       | |  2.0
Throwing       | |  1.0
Armour         | |  1.1
Dodging        | |  2.1
Shields        | |  0.9
Spellcasting   | |  2.0
Translocations | |  2.4

Action                   |  1- 3 |  4- 6 || total
-------------------------+-------+-------++-------
Melee: Hand axe          |    17 |    56 ||    73
       Kick              |    10 |    25 ||    35
       Peck              |     2 |    14 ||    16
       War axe           |       |    48 ||    48
Throw: Boomerang         |     7 |     3 ||    10
  Use: Scroll            |     5 |     5 ||    10
       Potion            |     1 |     4 ||     5
Armor: Ring mail         |     3 |    23 ||    26
       Chain mail        |       |    17 ||    17
Dodge: Dodged            |     3 |    46 ||    49
Block: Buckler           |       |     3 ||     3

Table legend:
 A = Non-vault XP
 B = Vault XP
 C = Vault XP percentage of total XP
 D = Non-vault monster count
 E = Vault monster count
 F = Vault count percentage of total count
                 A         B        C        D         E       F
            +---------+---------+-------+---------+---------+-------
      Total |     263 |       0 |   0.0 |      52 |       0 |   0.0
            +---------+---------+-------+---------+---------+-------
        D:1 |      19 |       0 |   0.0 |       9 |       0 |   0.0
        D:2 |      26 |       0 |   0.0 |      10 |       0 |   0.0
        D:3 |     117 |       0 |   0.0 |      28 |       0 |   0.0
        D:4 |     101 |       0 |   0.0 |       5 |       0 |   0.0
            +---------+---------+-------+---------+---------+-------
